| TOP OF THE 1ST |
|
Americus Braves batting - Pitching for Houston Colt .45's : LHP Rich Miller
|
|
Pitching: LHP Rich Miller
|
|
|
Batting: RHB Ryan Cole
|
0-0: Ball 1-0: Ball 2-0: Foul Ball, location: 2F 2-1: Foul Ball, location: 2F 2-2: Reached on error, E5 (Groundball, 56, EV 86.2 MPH)
|
|
Batting: SHB Chris Morrison
|
0-0: Foul Ball, location: 2F 0-1: Ball 1-1: Swinging Strike 1-2: Ball 2-2: Strikes out swinging
|
|
Batting: LHB Garret Mathis
|
0-0: Ball 1-0: Ball 2-0: Foul Ball, location: 2F 2-1: Ball 3-1: Foul Ball, location: 2F 3-2: Foul Ball, location: 2F 3-2: Base on Balls Ryan Cole to second
|
|
Batting: RHB Wilson Salgado
|
0-0: Swinging Strike 0-1: Ball Ryan Cole is caught stealing 3rd base 2-5 Garret Mathis to second 1-1: Swinging Strike 1-2: Strikes out swinging passed ball, reaches first! Garret Mathis to third
|
|
Batting: RHB Josh Maxwell
|
0-0: Called Strike 0-1: Called Strike 0-2: Foul Ball, location: 2F 0-2: Ball 1-2: SINGLE (Line Drive, 6MD, EV 103.1 MPH) Garret Mathis scores Wilson Salgado to second
|
|
Batting: RHB Travis Mendoza
|
0-0: Called Strike 0-1: Ball 1-1: Foul Ball, location: 2F 1-2: Ball 2-2: SINGLE (Groundball, 3D, EV 95.6 MPH) Wilson Salgado to third Josh Maxwell to second Runner from 3rd tries for Home, SAFE, throw by RF to home
|
|
Batting: RHB Juan Barela
|
0-0: Ball 1-0: Fielders Choice at 2nd, 6-4 (Groundball, 6, EV 85.0 MPH)
|
| Top of the 1st over - 2 runs, 2 hits, 1 error, 2 left on base; Americus 2 - Houston 0 |
| BOTTOM OF THE 1ST |
|
Houston Colt .45's batting - Pitching for Americus Braves : LHP Jose Reyes
|
|
Pitching: LHP Jose Reyes
|
|
|
Batting: RHB Luca Graves
|
0-0: Called Strike 0-1: SINGLE (Groundball, 56, EV 101.2 MPH) (infield hit)
|
|
Batting: RHB Jonathan Rausch
|
0-0: Ball 1-0: Grounds into double play, 5-4-3 (Groundball, 5, EV 76.2 MPH)
|
|
Batting: RHB Ralph Baltimore
|
0-0: Ball 1-0: Called Strike 1-1: Ball 2-1: DOUBLE (Flyball, 89D, EV 93.8 MPH)
|
|
Batting: RHB Devon Healy
|
0-0: Ball 1-0: Ball 2-0: Swinging Strike 2-1: Foul Ball, location: 2F 2-2: Strikes out swinging
|
| Bottom of the 1st over - 0 runs, 2 hits, 0 errors, 1 left on base; Americus 2 - Houston 0 |
| TOP OF THE 2ND |
|
Americus Braves batting - Pitching for Houston Colt .45's : LHP Rich Miller
|
|
Batting: SHB Vladimir Guerrero III
|
0-0: Ball 1-0: Ball 2-0: Ball 3-0: Called Strike 3-1: Called Strike 3-2: Foul Ball, location: 2F 3-2: Strikes out looking and he ARGUES THE CALL AND IS TOSSED!
|
|
Batting: LHB Pappy Sterile
|
0-0: Foul Ball, location: 2F 0-1: Called Strike 0-2: Strikes out swinging
|
|
Batting: RHB Ryan Cole
|
0-0: Foul Ball, location: 2F 0-1: Ball 1-1: Ball 2-1: Foul Ball, location: 2F 2-2: Ball 3-2: SOLO HOME RUN (Flyball, 7D, EV 100.0 MPH), Distance : 373 ft
|
|
Batting: SHB Chris Morrison
|
0-0: Called Strike 0-1: Ball 1-1: Swinging Strike 1-2: Ball 2-2: Ball 3-2: Foul Ball, location: 2F 3-2: Strikes out looking
|
| Top of the 2nd over - 1 run, 1 hit, 0 errors, 0 left on base; Americus 3 - Houston 0 |
| BOTTOM OF THE 2ND |
|
Houston Colt .45's batting - Pitching for Americus Braves : LHP Jose Reyes
|
|
Now at C: Bill Bethea
|
|
|
Batting: RHB Doug Dark
|
0-0: Called Strike 0-1: Called Strike 0-2: Strikes out swinging
|
|
Batting: RHB Fernan Tedeschi
|
0-0: Called Strike 0-1: Ball 1-1: Fly out, F8 (Flyball, 8LD, EV 83.8 MPH)
|
|
Batting: RHB Chris Jordan
|
0-0: Ball 1-0: Foul Ball, location: 2F 1-1: Foul Ball, location: 2F 1-2: Ball 2-2: Strikes out swinging
|
| Bottom of the 2nd over - 0 runs, 0 hits, 0 errors, 0 left on base; Americus 3 - Houston 0 |
| TOP OF THE 3RD |
|
Americus Braves batting - Pitching for Houston Colt .45's : LHP Rich Miller
|
|
Batting: LHB Garret Mathis
|
0-0: Ball 1-0: Foul Ball, location: 2F 1-1: Foul Ball, location: 2F 1-2: Foul Ball, location: 2F 1-2: Ball 2-2: Foul Ball, location: 2F 2-2: Foul Ball, location: 2F 2-2: Foul Ball, location: 2F 2-2: Foul Ball, location: 2F 2-2: SINGLE (Flyball, 78S, EV 89.4 MPH)
|
|
Batting: RHB Wilson Salgado
|
0-0: Ball 1-0: Ball 2-0: Ball 3-0: Foul Ball, location: 2F 3-1: SINGLE (Line Drive, 7LS, EV 93.1 MPH) Garret Mathis to second
|
|
Batting: RHB Josh Maxwell
|
0-0: Ball 1-0: Called Strike 1-1: Fly out, F4 (Popup, 34S, EV 79.4 MPH)
|
|
Batting: RHB Travis Mendoza
|
0-0: Ball 1-0: DOUBLE (Line Drive, 3D, EV 105.6 MPH) Garret Mathis scores Wilson Salgado to third
|
|
Pitching: RHP Sam Williams
|
|
|
Batting: RHB Juan Barela
|
0-0: Called Strike 0-1: Ground out 6-3 (Groundball, 6, EV 84.4 MPH) Wilson Salgado scores
|
|
Batting: RHB Bill Bethea
|
0-0: Ball 1-0: Ball 2-0: Called Strike 2-1: Called Strike 2-2: SINGLE (Groundball, 56D, EV 102.5 MPH) Travis Mendoza to third Runner from 3rd tries for Home, SAFE, throw by LF to home Bill Bethea to second
|
|
Batting: LHB Pappy Sterile
|
0-0: Called Strike 0-1: Ground out 6-3 (Groundball, 6, EV 108.1 MPH)
|
| Top of the 3rd over - 3 runs, 4 hits, 0 errors, 1 left on base; Americus 6 - Houston 0 |
| BOTTOM OF THE 3RD |
|
Houston Colt .45's batting - Pitching for Americus Braves : LHP Jose Reyes
|
|
Batting: LHB Gong Tow
|
0-0: Swinging Strike 0-1: Foul Ball, location: 2F 0-2: Strikes out swinging
|
|
Batting: RHB Jay Hussey
|
0-0: Called Strike 0-1: Called Strike 0-2: Foul Ball, location: 2F 0-2: Ball 1-2: Foul Ball, location: 2F 1-2: SINGLE (Groundball, 6MD, EV 97.5 MPH)
|
|
Batting: RHB Luca Graves
|
0-0: Foul Ball, location: 2F 0-1: Foul Ball, location: 2F 0-2: Ball 1-2: Foul Ball, location: 2F 1-2: Strikes out swinging
|
|
Batting: RHB Jonathan Rausch
|
0-0: Ball 1-0: Swinging Strike 1-1: Ball 2-1: Ball 3-1: Base on Balls Jay Hussey to second
|
|
Batting: RHB Ralph Baltimore
|
0-0: Ground out 5-3 (Groundball, 56S, EV 86.9 MPH)
|
| Bottom of the 3rd over - 0 runs, 1 hit, 0 errors, 2 left on base; Americus 6 - Houston 0 |
| TOP OF THE 4TH |
|
Americus Braves batting - Pitching for Houston Colt .45's : RHP Sam Williams
|
|
Batting: RHB Ryan Cole
|
0-0: Ball 1-0: Foul Ball, location: 2F 1-1: Foul Ball, location: 2F 1-2: Ball 2-2: Ball 3-2: Foul Ball, location: 2F 3-2: Foul Ball, location: 2F 3-2: Foul Ball, location: 2F 3-2: Ground out 6-3 (Groundball, 6S, EV 64.4 MPH)
|
|
Batting: SHB Chris Morrison
|
0-0: Ball 1-0: Ball 2-0: Ball 3-0: Base on Balls
|
|
Batting: LHB Garret Mathis
|
0-0: Foul Ball, location: 2F 0-1: SINGLE (Groundball, 4D, EV 105.0 MPH) Chris Morrison to second
|
|
Batting: RHB Wilson Salgado
|
0-0: Fly out, F9 (Flyball, 89S, EV 88.1 MPH)
|
|
Batting: RHB Josh Maxwell
|
0-0: Foul Ball, location: 2F 0-1: Fly out, F9 (Flyball, 89M, EV 81.9 MPH)
|
| Top of the 4th over - 0 runs, 1 hit, 0 errors, 2 left on base; Americus 6 - Houston 0 |
| BOTTOM OF THE 4TH |
|
Houston Colt .45's batting - Pitching for Americus Braves : LHP Jose Reyes
|
|
Batting: RHB Devon Healy
|
0-0: Swinging Strike 0-1: Called Strike 0-2: Foul Ball, location: 2F 0-2: Foul Ball, location: 2F 0-2: Strikes out swinging
|
|
Batting: RHB Doug Dark
|
0-0: Ball 1-0: Fly out, F8 (Flyball, 78D, EV 96.2 MPH)
|
|
Batting: RHB Fernan Tedeschi
|
0-0: Swinging Strike 0-1: Called Strike 0-2: Foul Ball, location: 2F 0-2: Strikes out swinging
|
| Bottom of the 4th over - 0 runs, 0 hits, 0 errors, 0 left on base; Americus 6 - Houston 0 |
| TOP OF THE 5TH |
|
Americus Braves batting - Pitching for Houston Colt .45's : RHP Sam Williams
|
|
Batting: RHB Travis Mendoza
|
0-0: Called Strike 0-1: Ball 1-1: Ball 2-1: Reached on error, E6 (Groundball, 6, EV 86.9 MPH)
|
|
Batting: RHB Juan Barela
|
0-0: Ball 1-0: Ball 2-0: Called Strike 2-1: Fly out, F9 (Line Drive, 9, EV 95.0 MPH)
|
|
Batting: RHB Bill Bethea
|
0-0: Hit by Pitch
|
|
Batting: LHB Pappy Sterile
|
0-0: Ball 1-0: Foul Ball, location: 2F 1-1: Foul Ball, location: 2F 1-2: Foul Ball, location: 2F 1-2: Ball 2-2: Foul Ball, location: 2F 2-2: Strikes out swinging
|
|
Batting: RHB Ryan Cole
|
0-0: Foul Ball, location: 2F 0-1: Swinging Strike 0-2: Ball 1-2: Foul Ball, location: 2F 1-2: Strikes out swinging
|
| Top of the 5th over - 0 runs, 0 hits, 1 error, 2 left on base; Americus 6 - Houston 0 |
| BOTTOM OF THE 5TH |
|
Houston Colt .45's batting - Pitching for Americus Braves : LHP Jose Reyes
|
|
Batting: RHB Chris Jordan
|
0-0: Called Strike 0-1: Ball 1-1: Foul Ball, location: 2F 1-2: Foul Ball, location: 2F 1-2: Foul Ball, location: 2F 1-2: Ball 2-2: Foul Ball, location: 2F 2-2: Foul Ball, location: 2F 2-2: Strikes out swinging
|
|
Batting: LHB Gong Tow
|
0-0: Called Strike 0-1: Ball 1-1: Called Strike 1-2: Foul Ball, location: 2F 1-2: Strikes out looking
|
|
Batting: RHB Jay Hussey
|
0-0: Foul Ball, location: 2F 0-1: Ball 1-1: Ball 2-1: Swinging Strike 2-2: Ball 3-2: Foul Ball, location: 2F 3-2: Fly out, F8 (Flyball, 8RM, EV 91.2 MPH)
|
| Bottom of the 5th over - 0 runs, 0 hits, 0 errors, 0 left on base; Americus 6 - Houston 0 |
| TOP OF THE 6TH |
|
Americus Braves batting - Pitching for Houston Colt .45's : RHP Sam Williams
|
|
Batting: SHB Chris Morrison
|
0-0: Ball 1-0: Fly out, F9 (Line Drive, 89M, EV 95.0 MPH)
|
|
Batting: LHB Garret Mathis
|
0-0: Foul Ball, location: 2F 0-1: Ball 1-1: Foul Ball, location: 2F 1-2: Ball 2-2: Ground out 4-3 (Groundball, 34D, EV 101.9 MPH)
|
|
Batting: RHB Wilson Salgado
|
0-0: Fly out, F8 (Flyball, 8RS, EV 77.5 MPH)
|
| Top of the 6th over - 0 runs, 0 hits, 0 errors, 0 left on base; Americus 6 - Houston 0 |
| BOTTOM OF THE 6TH |
|
Houston Colt .45's batting - Pitching for Americus Braves : LHP Jose Reyes
|
|
Batting: RHB Luca Graves
|
0-0: Foul Ball, location: 2F 0-1: Ball 1-1: Foul Ball, location: 2F 1-2: Ball 2-2: Ball 3-2: Strikes out swinging
|
|
Batting: RHB Jonathan Rausch
|
0-0: Ball 1-0: Ball 2-0: Ball 3-0: Called Strike 3-1: Called Strike 3-2: Foul Ball, location: 2F 3-2: Base on Balls
|
|
Batting: RHB Ralph Baltimore
|
0-0: Ball 1-0: Called Strike 1-1: Foul Ball, location: 2F 1-2: Strikes out swinging
|
|
Batting: RHB Devon Healy
|
0-0: Foul Ball, location: 2F 0-1: Ball Jonathan Rausch steals 2nd base 1-1: Ball 2-1: Called Strike 2-2: Ball 3-2: Strikes out swinging
|
| Bottom of the 6th over - 0 runs, 0 hits, 0 errors, 1 left on base; Americus 6 - Houston 0 |
| TOP OF THE 7TH |
|
Americus Braves batting - Pitching for Houston Colt .45's : RHP Sam Williams
|
|
Pitching: LHP Jared Simmers
|
|
|
Batting: RHB Josh Maxwell
|
0-0: Ball 1-0: Fly out, F8 (Flyball, 8RXD, EV 106.2 MPH)
|
|
Batting: RHB Travis Mendoza
|
0-0: Ground out 6-3 (Groundball, 6, EV 77.5 MPH)
|
|
Batting: RHB Juan Barela
|
0-0: Ball 1-0: Foul Ball, location: 2F 1-1: Foul Ball, location: 2F 1-2: Ball 2-2: Ball 3-2: Foul Ball, location: 2F 3-2: Foul Ball, location: 2F 3-2: Strikes out looking
|
| Top of the 7th over - 0 runs, 0 hits, 0 errors, 0 left on base; Americus 6 - Houston 0 |
| BOTTOM OF THE 7TH |
|
Houston Colt .45's batting - Pitching for Americus Braves : LHP Jose Reyes
|
|
Batting: RHB Doug Dark
|
0-0: Ball 1-0: SINGLE (Flyball, 56D, EV 85.0 MPH)
|
|
Batting: RHB Fernan Tedeschi
|
0-0: SINGLE (Flyball, 9, EV 92.5 MPH) Doug Dark to second
|
|
Batting: RHB Chris Jordan
|
0-0: Foul Ball, location: 2F 0-1: TRIPLE (Line Drive, 78XD, EV 111.9 MPH) Doug Dark scores Fernan Tedeschi scores
|
|
Batting: LHB Gong Tow
|
0-0: Ball 1-0: Called Strike 1-1: Called Strike 1-2: Fly out, F7 (Flyball, 7S, EV 97.5 MPH)
|
|
Pitching: RHP Norm Wamboldt
|
|
|
Batting: RHB Jay Hussey
|
0-0: 2-RUN HOME RUN (Flyball, 7D, EV 96.9 MPH), Distance : 375 ft
|
|
Batting: RHB Luca Graves
|
0-0: Ball 1-0: Ball 2-0: Fly out, F9 (Flyball, 89M, EV 86.9 MPH)
|
|
Batting: RHB Jonathan Rausch
|
0-0: Ball 1-0: Ball 2-0: Ball 3-0: Called Strike 3-1: Called Strike 3-2: Strikes out swinging
|
| Bottom of the 7th over - 4 runs, 4 hits, 0 errors, 0 left on base; Americus 6 - Houston 4 |
| TOP OF THE 8TH |
|
Americus Braves batting - Pitching for Houston Colt .45's : LHP Jared Simmers
|
|
Batting: RHB Bill Bethea
|
0-0: Ball 1-0: Swinging Strike 1-1: Foul Ball, location: 2F 1-2: Ball 2-2: Ball 3-2: Strikes out looking
|
|
Batting: LHB Pappy Sterile
|
0-0: Ball 1-0: Ball 2-0: Ball 3-0: Swinging Strike 3-1: Swinging Strike 3-2: Strikes out swinging
|
|
Batting: RHB Ryan Cole
|
0-0: Ball 1-0: Ball 2-0: Called Strike 2-1: Foul Ball, location: 2F 2-2: Ball 3-2: Base on Balls
|
|
Batting: SHB Chris Morrison
|
0-0: Called Strike Ryan Cole is caught stealing 2nd base 2-4
|
| Top of the 8th over - 0 runs, 0 hits, 0 errors, 0 left on base; Americus 6 - Houston 4 |
| BOTTOM OF THE 8TH |
|
Houston Colt .45's batting - Pitching for Americus Braves : RHP Norm Wamboldt
|
|
Batting: RHB Ralph Baltimore
|
0-0: Ground out 6-3 (Groundball, 6, EV 90.6 MPH)
|
|
Batting: RHB Devon Healy
|
0-0: Foul Ball, location: 2F 0-1: Ground out 6-3 (Groundball, 6, EV 84.4 MPH)
|
|
Batting: RHB Doug Dark
|
0-0: Ball 1-0: Swinging Strike 1-1: Foul Ball, location: 2F 1-2: Foul Ball, location: 2F 1-2: Ball 2-2: Fly out, F8 (Flyball, 8LS, EV 86.9 MPH)
|
| Bottom of the 8th over - 0 runs, 0 hits, 0 errors, 0 left on base; Americus 6 - Houston 4 |
| TOP OF THE 9TH |
|
Americus Braves batting - Pitching for Houston Colt .45's : LHP Jared Simmers
|
|
Batting: SHB Chris Morrison
|
0-0: Ball 1-0: Called Strike 1-1: Foul Ball, location: 2F 1-2: Strikes out looking
|
|
Batting: LHB Garret Mathis
|
0-0: Ball 1-0: Swinging Strike 1-1: Ball 2-1: Foul Ball, location: 2F 2-2: Foul Ball, location: 2F 2-2: SINGLE (Groundball, 34D, EV 101.9 MPH)
|
|
Pitching: LHP Jordan Garcia
|
|
|
Batting: RHB Wilson Salgado
|
0-0: Foul Ball, location: 2F 0-1: Swinging Strike 0-2: Ball 1-2: Foul Ball, location: 2F 1-2: Strikes out swinging
|
|
Batting: RHB Josh Maxwell
|
0-0: Ball 1-0: Fielders Choice at 2nd, 6-4 (Groundball, 6, EV 84.4 MPH)
|
| Top of the 9th over - 0 runs, 1 hit, 0 errors, 1 left on base; Americus 6 - Houston 4 |
| BOTTOM OF THE 9TH |
|
Houston Colt .45's batting - Pitching for Americus Braves : RHP Norm Wamboldt
|
|
Pitching: RHP Justus Gonzales
|
|
|
Batting: RHB Fernan Tedeschi
|
0-0: Foul Ball, location: 2F 0-1: Ball 1-1: Swinging Strike 1-2: Ball 2-2: Ball 3-2: Base on Balls
|
|
Batting: RHB David Snyder
|
0-0: Ball 1-0: Foul Ball, location: 2F 1-1: Ball 2-1: Ball 3-1: SINGLE (Groundball, 5D, EV 97.5 MPH) Fernan Tedeschi to second
|
|
Batting: LHB Gong Tow
|
0-0: Fly out, F7 (Line Drive, 7, EV 83.8 MPH)
|
|
Batting: RHB Jay Hussey
|
0-0: Ground out 5-3 (Groundball, 56S, EV 70.6 MPH) Fernan Tedeschi to third David Snyder to second
|
|
Batting: RHB Luca Graves
|
0-0: SINGLE (Groundball, 56, EV 86.9 MPH) (infield hit) Fernan Tedeschi scores David Snyder to third
|
|
Batting: RHB Jonathan Rausch
|
0-0: Ball 1-0: Foul Ball, location: 2F 1-1: Called Strike 1-2: SINGLE (Groundball, 4D, EV 108.1 MPH) David Snyder scores Luca Graves to second Runner from 2nd tries for 3rd, SAFE, throw by RF made to third Jonathan Rausch to second
|
|
Batting: RHB Ralph Baltimore
|
0-0: Intentional Walk
|
|
Batting: RHB Devon Healy
|
0-0: Fly out, F2 (Popup, 13S, EV 88.1 MPH)
|
| Bottom of the 9th over - 2 runs, 3 hits, 0 errors, 3 left on base; Americus 6 - Houston 6 |
| TOP OF THE 10TH |
|
Americus Braves batting - Pitching for Houston Colt .45's : LHP Jordan Garcia
|
|
Pitching: LHP Simeone Lulli
|
|
|
Batting: RHB Travis Mendoza
|
0-0: Ball 1-0: SINGLE (Line Drive, 89M, EV 90.6 MPH)
|
|
Batting: RHB Juan Barela
|
0-0: Ball 1-0: Ball 2-0: Ball 3-0: Called Strike 3-1: Called Strike 3-2: Foul Ball, location: 2F 3-2: Strikes out swinging
|
|
Pinch Hitting: RHB Bill Horne
|
0-0: Called Strike 0-1: Ball Travis Mendoza is caught stealing 2nd base 2-4 1-1: Foul Ball, location: 2F 1-2: Ball 2-2: SINGLE (Groundball, 6MD, EV 97.5 MPH)
|
|
Pinch Hitting: RHB Chris Foss
|
0-0: Foul Ball, location: 2F 0-1: Swinging Strike 0-2: Strikes out swinging
|
| Top of the 10th over - 0 runs, 2 hits, 0 errors, 1 left on base; Americus 6 - Houston 6 |
| BOTTOM OF THE 10TH |
|
Houston Colt .45's batting - Pitching for Americus Braves : RHP Justus Gonzales
|
|
Pitching: RHP Danny Sosa
|
|
|
Now at C: Chris Foss
|
|
|
Now in LF: Danny Harris
|
|
|
Now in CF: Ryan Cole
|
|
|
Batting: RHB Doug Dark
|
0-0: Foul Ball, location: 2F 0-1: Called Strike 0-2: Fly out, F7 (Line Drive, 7, EV 93.1 MPH)
|
|
Batting: RHB Fernan Tedeschi
|
0-0: Called Strike 0-1: Fly out, F3 (Popup, 3F, EV 75.0 MPH)
|
|
Batting: RHB David Snyder
|
0-0: Ball 1-0: Ground out 6-3 (Groundball, 6, EV 103.1 MPH)
|
| Bottom of the 10th over - 0 runs, 0 hits, 0 errors, 0 left on base; Americus 6 - Houston 6 |
| TOP OF THE 11TH |
|
Americus Braves batting - Pitching for Houston Colt .45's : LHP Simeone Lulli
|
|
Batting: RHB Ryan Cole
|
0-0: Called Strike 0-1: Swinging Strike 0-2: Foul Ball, location: 2F 0-2: Foul Ball, location: 2F 0-2: Ball 1-2: Ball 2-2: Ball 3-2: Foul Ball, location: 2F 3-2: Ground out 4-3 (Groundball, 4, EV 76.9 MPH)
|
|
Batting: SHB Chris Morrison
|
0-0: Ball 1-0: Called Strike 1-1: Fly out, F7 (Flyball, 7LSF, EV 91.2 MPH)
|
|
Batting: LHB Garret Mathis
|
0-0: Ball 1-0: Foul Ball, location: 2F 1-1: Ball 2-1: Fly out, F9 (Flyball, 9LS, EV 96.9 MPH)
|
| Top of the 11th over - 0 runs, 0 hits, 0 errors, 0 left on base; Americus 6 - Houston 6 |
| BOTTOM OF THE 11TH |
|
Houston Colt .45's batting - Pitching for Americus Braves : RHP Danny Sosa
|
|
Batting: LHB Gong Tow
|
0-0: Ball 1-0: Ball 2-0: Called Strike 2-1: Ground out 3-1 (Groundball, 34S, EV 88.8 MPH)
|
|
Batting: RHB Jay Hussey
|
0-0: SINGLE (Groundball, 4MD, EV 109.4 MPH)
|
|
Batting: RHB Luca Graves
|
0-0: Ball 1-0: Swinging Strike 1-1: Foul Ball, location: 2F 1-2: Strikes out swinging
|
|
Batting: RHB Jonathan Rausch
|
0-0: Ball 1-0: Ball 2-0: Foul Ball, location: 2F 2-1: Foul Ball, location: 2F 2-2: Fly out, F3 (Line Drive, 34, EV 64.4 MPH)
|
| Bottom of the 11th over - 0 runs, 1 hit, 0 errors, 1 left on base; Americus 6 - Houston 6 |
| TOP OF THE 12TH |
|
Americus Braves batting - Pitching for Houston Colt .45's : LHP Simeone Lulli
|
|
Pitching: RHP Jason LaPage
|
|
|
Batting: RHB Wilson Salgado
|
0-0: Ball 1-0: Ball 2-0: Ball 3-0: Called Strike 3-1: Foul Ball, location: 2F 3-2: Foul Ball, location: 2F 3-2: Strikes out looking
|
|
Batting: RHB Josh Maxwell
|
0-0: Swinging Strike 0-1: Ball 1-1: Ground out 5-3 (Groundball, 56, EV 75.6 MPH)
|
|
Batting: RHB Travis Mendoza
|
0-0: Called Strike 0-1: Foul Ball, location: 2F 0-2: Ball 1-2: Strikes out swinging
|
| Top of the 12th over - 0 runs, 0 hits, 0 errors, 0 left on base; Americus 6 - Houston 6 |
| BOTTOM OF THE 12TH |
|
Houston Colt .45's batting - Pitching for Americus Braves : RHP Danny Sosa
|
|
Batting: RHB Ralph Baltimore
|
0-0: SINGLE (Groundball, 25, EV 71.9 MPH) (infield hit)
|
|
Batting: RHB Devon Healy
|
0-0: Ball 1-0: Foul Ball, location: 2F 1-1: Ball 2-1: Called Strike 2-2: Ball 3-2: Base on Balls Ralph Baltimore to second
|
|
Batting: RHB Doug Dark
|
0-0: Ball 1-0: Called Strike 1-1: Ball 2-1: Foul Ball, location: 2F 2-2: Strikes out swinging
|
|
Batting: RHB Fernan Tedeschi
|
0-0: Ball 1-0: Grounds into double play, 4-6-3 (Groundball, 4M, EV 91.9 MPH)
|
| Bottom of the 12th over - 0 runs, 1 hit, 0 errors, 1 left on base; Americus 6 - Houston 6 |
| TOP OF THE 13TH |
|
Americus Braves batting - Pitching for Houston Colt .45's : RHP Jason LaPage
|
|
Batting: RHB Juan Barela
|
0-0: Swinging Strike 0-1: Swinging Strike 0-2: Ball 1-2: Ball 2-2: Foul Ball, location: 2F 2-2: Ball 3-2: Foul Ball, location: 2F 3-2: Strikes out looking
|
|
Pitching: RHP Howard Hoult
|
|
|
Batting: RHB Danny Harris
|
0-0: Called Strike 0-1: Ball 1-1: Swinging Strike 1-2: Ball 2-2: Foul Ball, location: 2F 2-2: Ball 3-2: Foul Ball, location: 2F 3-2: Base on Balls
|
|
Batting: RHB Chris Foss
|
0-0: Ball 1-0: Ball 2-0: Called Strike 2-1: Called Strike Danny Harris steals 2nd base 2-2: Ground out 5-3 (Groundball, 56, EV 103.1 MPH)
|
|
Batting: RHB Ryan Cole
|
0-0: Intentional Walk
|
|
Batting: SHB Chris Morrison
|
0-0: SINGLE (Flyball, 5D, EV 89.4 MPH) Danny Harris to third Ryan Cole to second Runner from 3rd tries for Home, SAFE, throw by LF to home
|
|
Batting: LHB Garret Mathis
|
0-0: Ball 1-0: Foul Ball, location: 2F 1-1: Ball 2-1: Foul Ball, location: 2F 2-2: Ground out U3 (Groundball, 3, EV 80.6 MPH)
|
| Top of the 13th over - 1 run, 1 hit, 0 errors, 2 left on base; Americus 7 - Houston 6 |
| BOTTOM OF THE 13TH |
|
Houston Colt .45's batting - Pitching for Americus Braves : RHP Danny Sosa
|
|
Batting: RHB David Snyder
|
0-0: Fly out, F7 (Flyball, 7LMF, EV 94.4 MPH)
|
|
Batting: LHB Gong Tow
|
0-0: Ball 1-0: Ball 2-0: Reached on error, E6 (Groundball, 6, EV 108.1 MPH)
|
|
Pitching: RHP Dave Quick
|
|
|
Batting: RHB Jay Hussey
|
0-0: Fly out, F8 (Flyball, 8RM, EV 93.1 MPH)
|
|
Batting: RHB Luca Graves
|
0-0: Ball 1-0: Called Strike 1-1: Foul Ball, location: 2F 1-2: Ground out 5-3 (Groundball, 25, EV 93.1 MPH)
|
| Bottom of the 13th over - 0 runs, 0 hits, 1 error, 1 left on base; Americus 7 - Houston 6 |
|